 Dungeon Crawl Stone Soup version 0.17.1-3-g152610e (webtiles) character file.

4359 simples the Infuser (level 10, -1/44 HPs)
             Began as a Spriggan Conjurer on Apr 21, 2016.
             Was a Follower of Vehumet.
             Slain by an orc warrior
             ... wielding a +0 flail
              (14 damage)
             ... on level 9 of the Dungeon.
             The game lasted 00:26:50 (11480 turns).

simples the Infuser (Spriggan Conjurer)            Turns: 11480, Time: 00:26:50

Health: -1/44      AC:  8    Str:  4    XL:     10   Next: 12%
Magic:  1/23       EV: 18    Int: 20    God:    Vehumet [*.....]
Gold:   447        SH:  0    Dex: 17    Spells: 2 memorised, 20 levels left

rFire  x . .     SeeInvis +     E - +2 dagger (protect)
rCold  + . .     Clarity  .     a - +0 robe
rNeg   . . .     SustAt   .     (shield restricted)
rPois  .         Gourm    .     (helmet restricted)
rElec  .         Spirit   .     d - +0 cloak
rCorr  .         Warding  .     (gloves unavailable)
rMut   .         Stasis   .     (boots unavailable)
MR     ++...                    (no amulet)
Stlth  +++.......               s - ring of ice
                                c - ring of protection from magic

@: starving, very quick, very resistant to hostile enchantments, fairly stealthy
A: unfitting armour, see invisible, herbivore 3, speed 3, slow metabolism 2
a: Renounce Religion


You were on level 9 of the Dungeon.
You worshipped Vehumet.
Vehumet was aware of your devotion.
You were starving.

You visited 1 branch of the dungeon, and saw 9 of its levels.

You collected 447 gold pieces.

Inventory:

Hand Weapons
 j - a +0 dagger
 E - a +2 dagger of protection (weapon)
Armour
 a - a +0 robe (worn)
 d - a +0 cloak (worn)
Jewellery
 c - a ring of protection from magic (left hand)
 s - a ring of ice (right hand)
Wands
 q - a wand of confusion (39)
 u - a wand of disintegration (13)
 x - a wand of disintegration (12)
 z - a wand of confusion (32)
 D - a wand of cold (10)
Scrolls
 i - 2 scrolls of teleportation {unknown}
 l - a scroll of amnesia {unknown}
 m - 2 scrolls of magic mapping
 n - 3 scrolls of remove curse {unknown}
 o - a scroll of blinking {unknown}
 r - 4 scrolls of fog
 v - a scroll of immolation {unknown}
 y - a scroll of brand weapon {unknown}
 A - a scroll of summoning {unknown}
 B - 2 scrolls of recharging {unknown}
Potions
 e - a potion of flight {unknown}
 f - 3 potions of lignification
 g - 2 potions of curing
 h - 2 potions of ambrosia
 k - a potion of cure mutation
 p - a potion of poison
 w - a potion of cancellation {unknown}
Books
 b - a book of Conjurations

   Spells                             Type                      Level
   a - Magic Dart                     Conjuration                  1
   b - Searing Ray                    Conjuration                  2
   c - Dazzling Spray                 Conjuration/Hexes            3
   d - Fulminant Prism                Conjuration/Hexes            4
   e - Iskenderun's Mystic Blast      Conjuration                  4
   f - Iskenderun's Battlesphere      Conjuration/Charms           5
 t - a book of Clouds

   Spells                             Type                      Level
   a - Mephitic Cloud                 Conjuration/Poison/Air       3
   b - Conjure Flame                  Conjuration/Fire             3
   c - Poisonous Cloud                Conjuration/Poison/Air       6
   d - Freezing Cloud                 Conjuration/Ice/Air          6
   e - Ring of Flames                 Charms/Fire                  7
 C - a book of Unlife

   Spells                             Type                      Level
   a - Recall                         Summoning/Translocation      3
   b - Animate Dead                   Necromancy                   4
   c - Control Undead                 Necromancy                   4
   d - Cigotuvi's Embrace             Necromancy                   5
   e - Death Channel                  Necromancy                   6
   f - Simulacrum                     Ice/Necromancy               6


   Skills:
 - Level 3.0 Dodging
 - Level 3.0 Stealth
 + Level 8.7 Spellcasting
 * Level 8.1 Conjurations
 * Level 12.0 Charms


You had 20 spell levels left.
You knew the following spells:

 Your Spells              Type           Power        Failure   Level  Hunger
a - Magic Dart            Conj           ####         1%          1    None
b - Iskenderun's Battles  Conj/Chrm      #####...     4%          5    #####..


Dungeon Overview and Level Annotations

Branches:
Dungeon (9/15)             Temple (0/1) D:7
   Lair: D:8-11         Orc: D:9-12

Altars:
Cheibriados
Elyvilon
Fedhas
Nemelex Xobeh
Okawaru
Vehumet
Zin
The Shining One

Annotations:
D:2 Natasha, Sigmund
D:3 namelastname112's ghost, weakling DrMo
D:4 1 runed door


Innate Abilities, Weirdness & Mutations

You are tiny and cannot use many weapons and most armour.
You have supernaturally acute eyesight.
You are a herbivore.
You cover ground extremely quickly.
You need consume almost no food.


Message History

You are starving!
The orc warrior barely misses your battlesphere.
The orc hits you but does no damage.
You don't have the energy to cast that spell.
You don't have the energy to cast that spell.
You hit the orc.
The orc is lightly wounded.
The orc warrior hits your battlesphere with a flail.
The orc closely misses you.
You barely miss the orc.
The orc is lightly wounded.
The orc warrior hits your battlesphere with a flail!
Your battlesphere is destroyed!
The orc closely misses you.
You closely miss the orc.
The orc is lightly wounded.
You barely miss the orc warrior.
The orc warrior is severely wounded.
The orc closely misses you. The orc warrior hits you with a flail!
You die...

.########.####
o....†.o.....#
#########.##.#
#.##.# #.##.#
#.##.# #.##)#
#.##o# #.##@#
..##o# #.# ###


You could see an orc warrior and an orc.

Vanquished Creatures
  An unseen horror (D:7)
  Pikel (D:6)
  The ghost of bollicks1999 the Covert, a novice OpAs (D:5)
  A basilisk (D:9)
  Menkaure (D:7)
  2 orc warriors
  A water moccasin (D:6)
  Duvessa (D:7)
  3 sky beasts
  An ice beast (D:5)
  4 slaves (D:6)
  4 ogres
  3 phantoms
  A centaur (D:8)
  A giant frog (D:7)
  Dowan (D:7)
  A scorpion (D:7)
  3 quasits
  4 crimson imps
  3 giant frog zombies
  6 hounds
  A jelly (D:7)
  2 orc priests
  3 giant frog skeletons
  3 worker ants
  A centaur skeleton (D:7)
  2 iguanas (D:8)
  4 orc wizards
  A statue (D:7)
  A killer bee zombie (D:8)
  A hound skeleton (D:6)
  A worker ant zombie (D:6)
  3 adders
  6 gnolls
  3 shadow imps
  3 oozes
  2 adder skeletons
  A worm (D:2)
  2 giant geckos (D:5)
  18 orcs
  7 bats
  10 giant cockroaches
  4 goblins
  A hobgoblin (D:1)
  7 jackals
  5 kobolds
  7 quokkas
  3 ball pythons
  5 giant newts
  4 rats
155 creatures vanquished.

Notes
Turn   | Place    | Note
--------------------------------------------------------------
     0 | D:1      | simples the Spriggan Conjurer began the quest for the Orb.
     0 | D:1      | Reached XP level 1. HP: 9/9 MP: 5/5
   467 | D:1      | Reached XP level 2. HP: 13/13 MP: 3/6
  1256 | D:2      | Noticed Natasha
  1549 | D:2      | Reached XP level 3. HP: 16/16 MP: 0/8
  1579 | D:2      | Noticed Sigmund
  1713 | D:2      | Found a glowing silver altar of Zin.
  2162 | D:3      | Noticed namelastname112's ghost (weakling DrMo)
  2597 | D:3      | Found an iron altar of Okawaru.
  2827 | D:4      | Reached XP level 4. HP: 15/21 MP: 3/10
  2845 | D:4      | Reached skill level 4 in Spellcasting
  3327 | D:4      | Reached XP level 5. HP: 24/24 MP: 7/12
  3334 | D:4      | Learned a level 5 spell: Iskenderun's Battlesphere
  3722 | D:4      | Found a glowing silver altar of Zin.
  3722 | D:4      | Found a runed door.
  3722 | D:4      | Noticed an angel
  3905 | D:4      | HP: 1/24 [giant frog skeleton (4)]
  4092 | D:5      | Entered Level 5 of the Dungeon
  4092 | D:5      | Noticed an ogre
  4156 | D:5      | Killed an ogre
  4156 | D:5      | Reached skill level 5 in Spellcasting
  4156 | D:5      | Reached XP level 6. HP: 19/28 MP: 4/14
  4359 | D:5      | Reached skill level 1 in Charms
  4636 | D:5      | Noticed bollicks1999's ghost (novice OpAs)
  4776 | D:5      | Noticed an ice beast
  4801 | D:5      | Killed bollicks1999's ghost
  4801 | D:5      | Reached skill level 5 in Conjurations
  4801 | D:5      | Reached XP level 7. HP: 13/32 MP: 0/16
  5056 | D:5      | Noticed a phantom
  5098 | D:5      | Found a sparkling altar of Nemelex Xobeh.
  5100 | D:5      | Noticed an ogre
  5196 | D:5      | Killed an ogre
  5314 | D:5      | Reached skill level 5 in Charms
  6396 | D:5      | Killed an ice beast
  6396 | D:5      | Reached skill level 6 in Spellcasting
  6416 | D:5      | Killed a phantom
  6416 | D:5      | Reached XP level 8. HP: 36/36 MP: 2/18
  7045 | D:6      | Found a blossoming altar of Fedhas.
  7065 | D:6      | Reached skill level 7 in Charms
  7287 | D:6      | Reached skill level 8 in Charms
  7392 | D:6      | Noticed Pikel
  7420 | D:6      | Killed Pikel
  7420 | D:6      | Reached skill level 9 in Charms
  7559 | D:6      | Reached XP level 9. HP: 39/39 MP: 2/20
  8066 | D:7      | Noticed Duvessa
  8066 | D:7      | Noticed Dowan
  8621 | D:7      | Noticed Menkaure
  8627 | D:7      | Killed Menkaure
  8687 | D:7      | Reached skill level 10 in Charms
  8821 | D:7      | Found a radiant altar of Vehumet.
  8947 | D:7      | Became a worshipper of Vehumet
  9037 | D:7      | Found a white marble altar of Elyvilon.
  9037 | D:7      | Found a snail-covered altar of Cheibriados.
  9389 | D:7      | Killed Duvessa
  9438 | D:7      | Killed Dowan
  9480 | D:7      | Noticed an unseen horror
  9489 | D:7      | Killed an unseen horror
  9489 | D:7      | Reached skill level 11 in Charms
  9826 | D:7      | Found a staircase to the Ecumenical Temple.
 10037 | D:8      | Found a glowing golden altar of the Shining One.
 10236 | D:8      | Reached XP level 10. HP: 29/44 MP: 13/23
 10362 | D:8      | Found a glowing silver altar of Zin.
 10538 | D:8      | Reached * piety under Vehumet
 10538 | D:8      | Offered knowledge of Shock by Vehumet.
 11332 | D:9      | Reached skill level 12 in Charms
 11480 | D:9      | Slain by an orc warrior

Action                   |  1- 3 |  4- 6 |  7- 9 | 10-12 || total
-------------------------+-------+-------+-------+-------++-------
Melee: Dagger            |       |    18 |     8 |     6 ||    32
 Cast: Magic Dart        |   102 |   123 |   334 |    50 ||   609
       Iskenderun's Batt |       |       |    33 |    14 ||    47
  Use: Scroll            |       |       |     7 |       ||     7
  Eat: Bread ration      |       |       |     3 |       ||     3
